TOP OF THE 1ST |
Gainesville Guidos batting - Pitching for Santa Fe Diablos : RHP Tony Henderson
|
Pitching: RHP Tony Henderson
|
|
Batting: RHB Iván Moreno
|
0-0: Ball 1-0: Ball 2-0: Called Strike 2-1: Ball 3-1: Called Strike 3-2: Base on Balls
|
Batting: LHB António Cedeño
|
0-0: Ball 1-0: Called Strike 1-1: Foul Ball, location: 2F 1-2: Ball 2-2: Strikes out looking
|
Batting: LHB Dave Watt
|
0-0: Ball Throwing error on steal attempt, E2 Iván Moreno to third 1-0: Ground out 4-3 (Groundball, 4) Iván Moreno scores
|
Batting: LHB Mark Owens
|
0-0: Ball 1-0: Called Strike 1-1: Called Strike 1-2: Ball 2-2: Foul Ball, location: 2F 2-2: Ball 3-2: Base on Balls
|
Batting: RHB Noriyori Ine
|
0-0: Ground out 3-1 (Groundball, 34)
|
Top of the 1st over - 1 run(s), 0 hit(s), 1 error(s), 1 left on base; Gainesville 1 - Santa Fe 0 |
BOTTOM OF THE 1ST |
Santa Fe Diablos batting - Pitching for Gainesville Guidos : RHP Marlon Ryan
|
Pitching: RHP Marlon Ryan
|
|
Batting: RHB Emílio Bruno
|
0-0: Foul Ball, location: 2F 0-1: Called Strike 0-2: Ball 1-2: Ball 2-2: Ball 3-2: Base on Balls
|
Batting: RHB Michael Anderson
|
0-0: Ball Emílio Bruno steals 2nd base 1-0: Ball 2-0: Called Strike Emílio Bruno steals 3rd base 2-1: Ground out 6-3 (Groundball, 6) Emílio Bruno scores
|
Batting: SHB António Hernández
|
0-0: Ground out 4-3 (Groundball, 34)
|
Batting: RHB Júlio López
|
0-0: Fly out, F7 (Flyball, 7S)
|
Bottom of the 1st over - 1 run(s), 0 hit(s), 0 error(s), 0 left on base; Gainesville 1 - Santa Fe 1 |
TOP OF THE 2ND |
Gainesville Guidos batting - Pitching for Santa Fe Diablos : RHP Tony Henderson
|
Batting: RHB Tetsunori Ito
|
0-0: Swinging Strike 0-1: Foul Ball, location: 2F 0-2: Ball 1-2: Ball 2-2: Foul Ball, location: 2F 2-2: Foul Ball, location: 2F 2-2: Strikes out looking
|
Batting: RHB Pedro Mata
|
0-0: Called Strike 0-1: Swinging Strike 0-2: Ball 1-2: Foul Ball, location: 2F 1-2: Ball 2-2: Ball 3-2: Foul Ball, location: 2F 3-2: Foul Ball, location: 2F Single, Error in OF, E8, batter to second base
|
Batting: RHB Ben Morton
|
0-0: Ball 1-0: Called Strike 1-1: Ball 2-1: Ball 3-1: Called Strike 3-2: Strikes out looking
|
Batting: RHB Kyle O'Day
|
0-0: Called Strike 0-1: Ball 1-1: Swinging Strike 1-2: Ball 2-2: Ball 3-2: Foul Ball, location: 2F 3-2: Base on Balls
|
Batting: RHB Iván Moreno
|
0-0: Ball 1-0: Ground out 1-3 (Groundball, 15S)
|
Top of the 2nd over - 0 run(s), 1 hit(s), 1 error(s), 2 left on base; Gainesville 1 - Santa Fe 1 |
BOTTOM OF THE 2ND |
Santa Fe Diablos batting - Pitching for Gainesville Guidos : RHP Marlon Ryan
|
Batting: LHB Don Soper
|
0-0: Ball 1-0: Fly out, F7 (Flyball, 7M)
|
Batting: RHB Ray Davis
|
0-0: Called Strike 0-1: Foul Ball, location: 2F 0-2: Fly out, F8 (Flyball, 78S)
|
Batting: RHB Bill Finley
|
0-0: Ball 1-0: Ground out 5-3 (Groundball, 56)
|
Bottom of the 2nd over - 0 run(s), 0 hit(s), 0 error(s), 0 left on base; Gainesville 1 - Santa Fe 1 |
TOP OF THE 3RD |
Gainesville Guidos batting - Pitching for Santa Fe Diablos : RHP Tony Henderson
|
Batting: LHB António Cedeño
|
0-0: Called Strike 0-1: Called Strike 0-2: Ball 1-2: Ball 2-2: Foul Ball, location: 2F 2-2: Foul Ball, location: 2F 2-2: Foul Ball, location: 2F 2-2: Strikes out swinging
|
Batting: LHB Dave Watt
|
0-0: Called Strike 0-1: Swinging Strike 0-2: Ball 1-2: Foul Ball, location: 2F 1-2: Ball 2-2: Strikes out swinging
|
Batting: LHB Mark Owens
|
0-0: Foul Ball, location: 2F 0-1: Ball 1-1: Ball 2-1: Foul Ball, location: 2F 2-2: Ground out U3 (Groundball, 3)
|
Top of the 3rd over - 0 run(s), 0 hit(s), 0 error(s), 0 left on base; Gainesville 1 - Santa Fe 1 |
BOTTOM OF THE 3RD |
Santa Fe Diablos batting - Pitching for Gainesville Guidos : RHP Marlon Ryan
|
Batting: RHB Jorge Rodríguez
|
0-0: Swinging Strike 0-1: Ball 1-1: SINGLE (Line Drive, 9LS)
|
Batting: SHB Ángel Díaz
|
0-0: Ball 1-0: Ball 2-0: Called Strike 2-1: Ball 3-1: Foul Ball, location: 2F 3-2: Strikes out swinging
|
Batting: RHB Emílio Bruno
|
0-0: Ball 1-0: Ball 2-0: Called Strike 2-1: Called Strike 2-2: Grounds into double play, 6-4-3 (Groundball, 6)
|
Bottom of the 3rd over - 0 run(s), 1 hit(s), 0 error(s), 0 left on base; Gainesville 1 - Santa Fe 1 |
TOP OF THE 4TH |
Gainesville Guidos batting - Pitching for Santa Fe Diablos : RHP Tony Henderson
|
Batting: RHB Noriyori Ine
|
0-0: Called Strike 0-1: Ball 1-1: Ball 2-1: Ball 3-1: Base on Balls
|
Batting: RHB Tetsunori Ito
|
0-0: Ball Noriyori Ine steals 2nd base 1-0: Ball 2-0: Called Strike 2-1: Foul Ball, location: 2F 2-2: Ball 3-2: Foul Ball, location: 2F 3-2: Foul Ball, location: 2F 3-2: Base on Balls
|
Batting: RHB Pedro Mata
|
0-0: Ball 1-0: Called Strike 1-1: Ball 2-1: Foul Ball, location: 2F 2-2: Foul Ball, location: 2F 2-2: Strikes out swinging
|
Batting: RHB Ben Morton
|
0-0: Called Strike Noriyori Ine steals 3rd base Tetsunori Ito to second 0-1: Ball 1-1: Foul Ball, location: 2F 1-2: Strikes out swinging
|
Batting: RHB Kyle O'Day
|
0-0: Called Strike 0-1: Ball 1-1: Hit by Pitch
|
Pitching: LHP Doug Starks
|
|
Batting: RHB Iván Moreno
|
0-0: Ball 1-0: Ball 2-0: DOUBLE (Flyball, 9LS) Noriyori Ine scores Tetsunori Ito scores Kyle O'Day to third Runner from 3rd tries for Home, SAFE, no throw or cutoff
|
Batting: LHB António Cedeño
|
0-0: Called Strike 0-1: Called Strike 0-2: Ball 1-2: Strikes out looking
|
Top of the 4th over - 3 run(s), 1 hit(s), 0 error(s), 1 left on base; Gainesville 4 - Santa Fe 1 |
BOTTOM OF THE 4TH |
Santa Fe Diablos batting - Pitching for Gainesville Guidos : RHP Marlon Ryan
|
Batting: RHB Michael Anderson
|
0-0: Ground out 6-3 (Groundball, 6)
|
Batting: SHB António Hernández
|
0-0: Ball 1-0: Fly out, F7 (Line Drive, 7M)
|
Batting: RHB Júlio López
|
0-0: Foul Ball, location: 2F 0-1: Ground out 6-3 (Groundball, 6M)
|
Bottom of the 4th over - 0 run(s), 0 hit(s), 0 error(s), 0 left on base; Gainesville 4 - Santa Fe 1 |
TOP OF THE 5TH |
Gainesville Guidos batting - Pitching for Santa Fe Diablos : LHP Doug Starks
|
Batting: LHB Dave Watt
|
0-0: Ball 1-0: Ball 2-0: Ball 3-0: Base on Balls
|
Batting: LHB Mark Owens
|
0-0: Ball 1-0: Grounds into double play, 4-6-3 (Groundball, 34)
|
Batting: RHB Noriyori Ine
|
0-0: Ball 1-0: Ball 2-0: Foul Ball, location: 2F 2-1: Called Strike 2-2: Ball 3-2: Base on Balls
|
Batting: RHB Tetsunori Ito
|
0-0: Called Strike Noriyori Ine steals 2nd base 0-1: SINGLE (Line Drive, 89S) Noriyori Ine to third Runner from 3rd tries for Home, SAFE, no throw or cutoff
|
Batting: RHB Pedro Mata
|
0-0: Called Strike 0-1: Ball 1-1: Called Strike 1-2: Ball 2-2: Fly out, F6 (Popup, 5D)
|
Top of the 5th over - 1 run(s), 1 hit(s), 0 error(s), 1 left on base; Gainesville 5 - Santa Fe 1 |
BOTTOM OF THE 5TH |
Santa Fe Diablos batting - Pitching for Gainesville Guidos : RHP Marlon Ryan
|
Batting: LHB Don Soper
|
0-0: Called Strike 0-1: Ground out 1-3 (Groundball, 13)
|
Batting: RHB Ray Davis
|
0-0: Called Strike 0-1: Ball 1-1: Foul Ball, location: 2F 1-2: Strikes out swinging
|
Batting: RHB Bill Finley
|
0-0: Called Strike 0-1: Ball 1-1: Ground out 6-3 (Groundball, 6M)
|
Bottom of the 5th over - 0 run(s), 0 hit(s), 0 error(s), 0 left on base; Gainesville 5 - Santa Fe 1 |
TOP OF THE 6TH |
Gainesville Guidos batting - Pitching for Santa Fe Diablos : LHP Doug Starks
|
Batting: RHB Ben Morton
|
0-0: Ball 1-0: Ground out 5-3 (Groundball, 56)
|
Batting: RHB Kyle O'Day
|
0-0: Ball 1-0: Ground out 4-3 (Groundball, 4)
|
Batting: RHB Iván Moreno
|
0-0: Foul Ball, location: 2F 0-1: Swinging Strike 0-2: DOUBLE (Flyball, 78M)
|
Batting: LHB António Cedeño
|
0-0: Swinging Strike 0-1: Fly out, F8 (Flyball, 8RXD)
|
Top of the 6th over - 0 run(s), 1 hit(s), 0 error(s), 1 left on base; Gainesville 5 - Santa Fe 1 |
BOTTOM OF THE 6TH |
Santa Fe Diablos batting - Pitching for Gainesville Guidos : RHP Marlon Ryan
|
Batting: RHB Jorge Rodríguez
|
0-0: Called Strike 0-1: Ball 1-1: SINGLE (Groundball, 3D)
|
Batting: SHB Ángel Díaz
|
0-0: Foul Ball, location: 2F 0-1: Ball 1-1: Fly out, F9 (Flyball, 89M)
|
Batting: RHB Emílio Bruno
|
0-0: Ball 1-0: Ground out U3 (Groundball, 3S) Jorge Rodríguez to second
|
Batting: RHB Michael Anderson
|
0-0: Ball 1-0: Called Strike 1-1: Fly out, F6 (Line Drive, 6)
|
Bottom of the 6th over - 0 run(s), 1 hit(s), 0 error(s), 1 left on base; Gainesville 5 - Santa Fe 1 |
TOP OF THE 7TH |
Gainesville Guidos batting - Pitching for Santa Fe Diablos : LHP Doug Starks
|
Batting: LHB Dave Watt
|
0-0: Called Strike 0-1: Ball 1-1: Ball 2-1: Ball 3-1: Base on Balls
|
Batting: LHB Mark Owens
|
0-0: Ball 1-0: Ball 2-0: Called Strike 2-1: Foul Ball, location: 2F 2-2: Strikes out swinging
|
Pitching: RHP Raúl Gómez
|
|
Batting: RHB Noriyori Ine
|
0-0: Swinging Strike 0-1: Ball 1-1: SINGLE (Line Drive, 7S) Dave Watt to second
|
Batting: RHB Tetsunori Ito
|
0-0: Ball 1-0: Ball 2-0: Foul Ball, location: 2F 2-1: Ball 3-1: Base on Balls Dave Watt to third Noriyori Ine to second
|
Batting: RHB Pedro Mata
|
0-0: SINGLE (Line Drive, 7S) Dave Watt scores Noriyori Ine to third Tetsunori Ito to second Runner from 3rd tries for Home, SAFE, no throw or cutoff
|
Batting: RHB Ben Morton
|
0-0: Ball 1-0: Ball 2-0: Called Strike 2-1: Ball 3-1: Base on Balls Tetsunori Ito to third Pedro Mata to second
|
Batting: RHB Kyle O'Day
|
0-0: GRAND SLAM HOME RUN (Flyball, 78XD), Distance : 392 ft
|
Pitching: LHP Albert Alonzo
|
|
Batting: RHB Iván Moreno
|
0-0: Ball 1-0: SINGLE (Groundball, 34D)
|
Batting: LHB António Cedeño
|
0-0: Ball 1-0: Ball 2-0: Grounds into double play, U4-3 (Groundball, 4)
|
Top of the 7th over - 6 run(s), 4 hit(s), 0 error(s), 0 left on base; Gainesville 11 - Santa Fe 1 |
BOTTOM OF THE 7TH |
Santa Fe Diablos batting - Pitching for Gainesville Guidos : RHP Marlon Ryan
|
Batting: SHB António Hernández
|
0-0: Fly out, F8 (Flyball, 8LD)
|
Batting: RHB Júlio López
|
0-0: Called Strike 0-1: Called Strike 0-2: Ground out 4-3 (Groundball, 4)
|
Batting: LHB Don Soper
|
0-0: Ball 1-0: Ground out 4-3 (Groundball, 4)
|
Bottom of the 7th over - 0 run(s), 0 hit(s), 0 error(s), 0 left on base; Gainesville 11 - Santa Fe 1 |
TOP OF THE 8TH |
Gainesville Guidos batting - Pitching for Santa Fe Diablos : LHP Albert Alonzo
|
Batting: LHB Dave Watt
|
0-0: Ball 1-0: Fly out, F2 (Popup, 2LF)
|
Batting: LHB Mark Owens
|
0-0: Foul Ball, location: 2F 0-1: Swinging Strike 0-2: Fly out, F5 (Popup, 5SF)
|
Batting: RHB Noriyori Ine
|
0-0: Ball 1-0: Ball 2-0: Ball 3-0: Called Strike 3-1: Called Strike 3-2: Strikes out swinging, 2-3 out at first.
|
Top of the 8th over - 0 run(s), 0 hit(s), 0 error(s), 0 left on base; Gainesville 11 - Santa Fe 1 |
BOTTOM OF THE 8TH |
Santa Fe Diablos batting - Pitching for Gainesville Guidos : RHP Marlon Ryan
|
Now at 1B: Marcos Villarreal
|
|
Batting: RHB Ray Davis
|
0-0: Ground out 5-3 (Groundball, 56)
|
Batting: RHB Bill Finley
|
0-0: Called Strike 0-1: Swinging Strike 0-2: Ball 1-2: SINGLE (Flyball, 89S)
|
Batting: RHB Jorge Rodríguez
|
0-0: Ball 1-0: Called Strike 1-1: Called Strike 1-2: Strikes out swinging
|
Batting: SHB Ángel Díaz
|
0-0: Swinging Strike 0-1: Foul Ball, location: 2F 0-2: Strikes out swinging
|
Bottom of the 8th over - 0 run(s), 1 hit(s), 0 error(s), 1 left on base; Gainesville 11 - Santa Fe 1 |
TOP OF THE 9TH |
Gainesville Guidos batting - Pitching for Santa Fe Diablos : LHP Albert Alonzo
|
Batting: RHB Tetsunori Ito
|
0-0: Ball 1-0: Ball 2-0: Called Strike 2-1: Fly out, F4 (Popup, 4MD)
|
Batting: RHB Pedro Mata
|
0-0: Swinging Strike 0-1: Ball 1-1: SINGLE (Groundball, 6MD)
|
Batting: RHB Ben Morton
|
0-0: Ball 1-0: Grounds into double play, 5-4-3 (Groundball, 5L)
|
Top of the 9th over - 0 run(s), 1 hit(s), 0 error(s), 0 left on base; Gainesville 11 - Santa Fe 1 |
BOTTOM OF THE 9TH |
Santa Fe Diablos batting - Pitching for Gainesville Guidos : RHP Marlon Ryan
|
Now at C: Ramón Durán
|
|
Now in RF: Ed Murray
|
|
Batting: RHB Emílio Bruno
|
0-0: Ball 1-0: Ball 2-0: Ball 3-0: Called Strike 3-1: Foul Ball, location: 2F 3-2: Strikes out swinging
|
Batting: RHB Michael Anderson
|
0-0: Ball 1-0: Ball 2-0: Foul Ball, location: 2F 2-1: Ball 3-1: Base on Balls
|
Batting: SHB António Hernández
|
0-0: Called Strike 0-1: Foul Ball, location: 2F 0-2: Foul Ball, location: 2F 0-2: Fly out, F8 (Flyball, 8LXD)
|
Batting: RHB Júlio López
|
0-0: Ball 1-0: Called Strike 1-1: Called Strike 1-2: SINGLE (Groundball, 56D) Michael Anderson to second
|
Pitching: RHP Juan Patino
|
|
Batting: LHB Don Soper
|
0-0: Called Strike 0-1: Swinging Strike 0-2: Foul Ball, location: 2F 0-2: Ball 1-2: Foul Ball, location: 2F 1-2: Strikes out swinging
|
Bottom of the 9th over - 0 run(s), 1 hit(s), 0 error(s), 2 left on base; Gainesville 11 - Santa Fe 1 |
|